 Dungeon Crawl Stone Soup version 0.32-a0-163-g159c032296 (webtiles) character file.

Game seed: 10325480201009325041

260 zeratav the Trooper (level 6, -2/67 HPs)
             Began as an Oni Warper on Feb 11, 2024.
             Slain by Edmund
             ... wielding a +2 flail of holy wrath
              (9 damage)
             ... on level 4 of the Dungeon.
             The game lasted 00:04:58 (3115 turns).

zeratav the Trooper (Oni Warper)                    Turns: 3115, Time: 00:04:59

Health: -2/67      AC:  3    Str: 18    XL:     6   Next: 17%
Magic:  9/9        EV: 10    Int: 14    God:
Gold:   129        SH:  0    Dex: 14    Spells: 9/9 levels left

rFire   . . .        n - +4 whip {mace}
rCold   . . .        (no shield)
rNeg    . . .        b - +0 robe
rPois   .            (helmet restricted)
rElec   .            (no cloak)
rCorr   .            (gloves unavailable)
SInv    .            (boots unavailable)
Will    .....        (no amulet)
Stlth   +            l - +6 ring of dexterity
HPRegen 0.31/turn    (no ring)
MPRegen 0.11/turn

%: no passive effects
@: lethally poisoned (-2 -> -7)
A: large, unfitting armour, horns 1, tough skin 1, double potion healing,
drunken brawling
a: no special abilities


You were on level 4 of the Dungeon.
You visited 1 branch of the dungeon, and saw 4 of its levels.

You collected 129 gold pieces.


Innate Abilities, Weirdness & Mutations

You are too large for most types of armour.
You have a pair of small horns on your head.
You have tough skin. (AC +1)
You gain doubled healing and magic from potions.
Whenever you drink a healing potion, you attack all around you.


   Skills:
 + Level 6.1 Fighting
 + Level 4.6 Maces & Flails
 - Level 1.0 Throwing
 - Level 2.1 Dodging
 - Level 2.4 Spellcasting
 - Level 2.6 Translocations


You had 9 spell levels left.
You didn't know any spells.
Your spell library contained the following spells:

 Spells                   Type           Power      Damage    Failure   Level
 Blink                    Tloc           18%        N/A       12%         2
 Lesser Beckoning         Tloc           18%        N/A       12%         2
 Gell's Gravitas          Tloc           9%         N/A       22%         3
 Teleport Other           Tloc           9%         N/A       22%         3
 Manifold Assault         Tloc           9%         N/A       58%         4
 Vhi's Electric Charge    Tloc/Air       10%        N/A       78%         4
 Dispersal                Tloc           4%         N/A       100%        6

Inventory:

Hand Weapons
 a - a +0 mace {mace}
 n - a +4 whip (weapon) {mace}
   (You took it off a gnoll on level 2 of the Dungeon)
Missiles
 d - 4 darts of dispersal (quivered) {=fthrowing}
 q - 3 poisoned darts {throwing}
Armour
 b - a +0 robe (worn)
 m - the +0 robe "Puthrag" {Harm rC- Will+}
   (You found it on level 2 of the Dungeon)

   rC-:       It makes you vulnerable to cold.
   Will+:     It increases your willpower.
   Harm:      It increases damage dealt and taken.
Jewellery
 l - a +6 ring of dexterity (left hand)
   (You found it on level 2 of the Dungeon)
Scrolls
 c - 3 scrolls of blinking {!r}
 e - a scroll of enchant weapon {unknown}
 h - 3 scrolls of identify {unknown}
 j - 2 scrolls of fear {unknown}
 k - a scroll of enchant armour {unknown}
 o - a scroll of amnesia {unknown}
 p - a scroll of vulnerability {unknown}
Potions
 f - 3 potions of brilliance {unknown}
 g - a potion of enlightenment {unknown}
 i - a potion of heal wounds {unknown}

Dungeon Overview and Level Annotations

Branches:
Dungeon (4/15) Zot: 20889
 Temple: D:4-7

Altars:
Makhleb
Zin

Shops:
D:2 [

Annotations:
D:2 1 runed translucent door, exclusion: downstairs, Crazy Yiuf
D:4 Edmund

###.....##..#........#
..#.....#...#........#
..#.....#...#........#
>.#.....#...#........#
..#.....#...#........#
#.'.....#...#........+
..#.....#...#........#
..#.....###.#...@....#
....##'####.##†#@....#
#...#.....#....#†....#
....#.....#....#.....#
....#.....'....#.....+
....##...####+##(....#
.....######......#####
.....# #......'......
.....# #......#......
.....# #......#......


You could see Edmund.


Message History

You hit the hobgoblin.
You kill the hobgoblin!
No target in view!
No target in view!
No target in view!
No target in view!
No target in view!
No target in view!
No target in view!
No target in view!
No target in view!
No target in view!
No target in view!
There is an open door here.
You see here a hobgoblin corpse.
q - 4 poisoned darts {throwing} You open the door.
Edmund the Younger comes into view.
He is wielding a +2 flail of holy wrath.
Edmund shouts!
Edmund says, "Everyone always remembers my brother. 'Who's Edmund?' they ask!"
As you close the door, it creaks loudly!
Something unseen opens the door.
Throw: 7 darts (disperse) {=fthrowing}
Press: ? - help, Q - select action, (/) - cycle Shift-Dir - straight line, f - Edmund
Aim: Edmund, wielding a +2 flail of holy wrath and wearing a +0 leather armour (59% to hit)
Okay, then.
Throw: 4 darts (poison) {throwing}
Press: ? - help, Q - select action, (/) - cycle Shift-Dir - straight line, f - Edmund
Aim: Edmund, wielding a +2 flail of holy wrath and wearing a +0 leather armour (59% to hit)
You throw a poisoned dart {throwing}.
The poisoned dart {throwing} hits Edmund.
Edmund is poisoned.
A scorpion comes into view.
Throw: 7 darts (disperse) {=fthrowing}
Press: ? - help, Q - select action, (/) - cycle Shift-Dir - straight line, f/p - Edmund
Aim: Edmund, wielding a +2 flail of holy wrath and wearing a +0 leather armour (poisoned, 59% to hit)
You throw a dart of dispersal {=fthrowing}.
The dart of dispersal {=fthrowing} completely misses Edmund.
Throw: 6 darts (disperse) {=fthrowing}
Press: ? - help, Q - select action, (/) - cycle Shift-Dir - straight line, f/p - Edmund
Aim: Edmund, wielding a +2 flail of holy wrath and wearing a +0 leather armour (lightly wounded, poisoned, 59% to hit)
You throw a dart of dispersal {=fthrowing}.
The dart of dispersal {=fthrowing} closely misses Edmund.
Edmund completely misses you.
Throw: 5 darts (disperse) {=fthrowing}
Press: ? - help, Q - select action, (/) - cycle Shift-Dir - straight line, f/p - Edmund
Aim: Edmund, wielding a +2 flail of holy wrath and wearing a +0 leather armour (lightly wounded, poisoned, 59% to hit)
You throw a dart of dispersal {=fthrowing}.
The dart of dispersal {=fthrowing} hits Edmund.
Edmund blinks!
Edmund closely misses you.
You barely miss Edmund.
Edmund hits you with a +2 flail of holy wrath!
HP[-9]
You take 9 damage, and now have 58/67 hp.
You whack Edmund! The scorpion barely misses you.
Edmund hits you with a +2 flail of holy wrath!
HP[-8]
You take 8 damage, and now have 50/67 hp.
You closely miss the scorpion.
Edmund looks more healthy.
The scorpion stings you.
Edmund hits you with a +2 flail of holy wrath!
HP[-10]
You take 10 damage, and now have 40/67 hp.
You hit the scorpion. The scorpion stings you.
Edmund hits you with a +2 flail of holy wrath!
* * * LOW HITPOINT WARNING * * *
HP[-12]
You take 12 damage, and now have 28/67 hp.
You hit the scorpion.
You headbutt the scorpion, but do no damage.
The scorpion barely misses you.
You closely miss the scorpion. The scorpion barely misses you.
Edmund barely misses you.
You barely miss the scorpion. You headbutt the scorpion.
The scorpion barely misses you. Edmund barely misses you.
HP[+1]
You whack the scorpion!
The scorpion stings you but does no damage.
Edmund hits you with a +2 flail of holy wrath.
* * * LOW HITPOINT WARNING * * *
HP[-4]
You take 4 damage, and now have 25/67 hp.
You completely miss the scorpion. Your headbutt misses the scorpion.
The scorpion stings you.
* * * LOW HITPOINT WARNING * * *
You are poisoned.
The scorpion poisons you!
Edmund hits you with a +2 flail of holy wrath!
* * * LOW HITPOINT WARNING * * *
HP[-17]
You take 17 damage, and now have 8/67 hp.
MASSIVE DAMAGE!! (PAUSE)
You hit the scorpion.
You kill the scorpion!
* * * LOW HITPOINT WARNING * * *
You feel sick.
Edmund hits you with a +2 flail of holy wrath!
You die...
Edmund says, "That'll show my brother!"

Skill      XL: |  1  2  3  4  5 |
---------------+----------------+-----
Fighting       | 3 4 5 6 |  6.1
Maces & Flails | 3 4 |  4.6
Throwing       | |  1.0
Dodging        | |  2.1
Spellcasting   | |  2.4
Translocations | |  2.6

Action                     |  1- 3 |  4- 6 || total
---------------------------+-------+-------++-------
  Melee: Whip              |   103 |    92 ||   195
         Mace              |    14 |       ||    14
         Headbutt          |    14 |    10 ||    24
         Punch             |     1 |       ||     1
  Throw: Dart              |       |     4 ||     4
   Stab: Sleeping          |     1 |       ||     1
 Armour: Robe              |    83 |    76 ||   159
  Dodge: Dodged            |    80 |    49 ||   129

Levels and vault maps discovered:
D:1:      dpeg_arrival_court, layout_basic
D:2:      layout_loops_ring, basic_altar, serial_shops,
          nicolae_shop_tiny_waterfront, uniq_crazy_yiuf_cottage
D:3:      layout_rooms, serial_glass, glass_columns_b, glass_columns_b,
          kennysheep_generic_room_10
D:4:      layout_gridville, grunt_temple_overflow_order_and_chaos_2,
          corexii_hall_statues_i, minmay_checkerbox, uniq_edmund

Notes
Turn   | Place    | Note
-------+----------+-------------------------------------------
     0 | D:1      | zeratav the Oni Warper began the quest for the Orb.
     0 | D:1      | Reached XP level 1. HP: 22/22 MP: 3/3
     0 | D:1      | magus.rc [v1.9.6]
    93 | D:1      | Reached skill level 3 in Fighting
   203 | D:1      | Reached XP level 2. HP: 23/31 MP: 5/5
   899 | D:2      | Reached XP level 3. HP: 21/39 MP: 6/6
  1077 | D:2      | Reached skill level 4 in Fighting
  1082 | D:2      | Reached skill level 3 in Maces & Flails
  1114 | D:2      | Found a glowing silver altar of Zin.
  1148 | D:2      | Found Ucionarr's Armour Shoppe.
  1165 | D:2      | Reached XP level 4. HP: 38/49 MP: 7/7
  1259 | D:2      | Identified the +0 robe "Puthrag" {Harm rC- Will+}
  1467 | D:2      | Found a runed translucent door.
  1468 | D:2      | Noticed Crazy Yiuf
  1791 | D:3      | HP: 12/49 [gnoll/+0 whip (3)]
  1795 | D:3      | HP: 5/49 [frilled lizard (2)]
  1797 | D:3      | HP: 2/49 [frilled lizard (1)]
  1995 | D:3      | Reached skill level 5 in Fighting
  1995 | D:3      | Reached XP level 5. HP: 16/57 MP: 8/8
  1995 | D:3      | HP: 13/57 [burnt (3)]
  2257 | D:3      | Reached skill level 4 in Maces & Flails
  2370 | D:3      | Noticed an ogre
  2702 | D:3      | You add the spells Gell's Gravitas and Dispersal to your
                  | library.
  2846 | D:4      | Found a burning altar of Makhleb.
  2852 | D:4      | Found a glowing silver altar of Zin.
  2852 | D:4      | Noticed an Executioner
  2852 | D:4      | Noticed an angel
  2871 | D:4      | Reached skill level 6 in Fighting
  2871 | D:4      | Reached XP level 6. HP: 39/67 MP: 9/9
  3094 | D:4      | Noticed Edmund
  3114 | D:4      | HP: 8/67 [Edmund/+2 flail of holy wrath (14)]
  3115 | D:4      | Slain by Edmund

Vanquished Creatures
  2 scorpions (D:4)
  A bombardier beetle (D:3)
  An orc priest (D:3)
  3 gnolls
  6 adders
  A ribbon worm (D:2)
  2 orcs (D:3)
  5 ball pythons
  4 endoplasms
  A giant cockroach (D:2)
  3 goblins
  8 hobgoblins
  4 quokkas
  3 bats
  6 frilled lizards
  4 kobolds
  7 rats
61 creatures vanquished.

Table legend:
 A = Non-vault XP
 B = Vault XP
 C = Vault XP percentage of total XP
 D = Non-vault monster count
 E = Vault monster count
 F = Vault count percentage of total count
                 A         B        C        D         E       F
            +---------+---------+-------+---------+---------+-------
      Total |     452 |       0 |   0.0 |      61 |       0 |   0.0
            +---------+---------+-------+---------+---------+-------
        D:1 |      21 |       0 |   0.0 |      13 |       0 |   0.0
        D:2 |      91 |       0 |   0.0 |      18 |       0 |   0.0
        D:3 |     177 |       0 |   0.0 |      25 |       0 |   0.0
        D:4 |     163 |       0 |   0.0 |       5 |       0 |   0.0
            +---------+---------+-------+---------+---------+-------

Skill      XL: |  1  2  3  4  5 |
---------------+----------------+-----
Fighting       | 3 4 5 6 |  6.1
Maces & Flails | 3 4 |  4.6
Throwing       | |  1.0
Dodging        | |  2.1
Spellcasting   | |  2.4
Translocations | |  2.6

Action                     |  1- 3 |  4- 6 || total
---------------------------+-------+-------++-------
  Melee: Whip              |   103 |    92 ||   195
         Mace              |    14 |       ||    14
         Headbutt          |    14 |    10 ||    24
         Punch             |     1 |       ||     1
  Throw: Dart              |       |     4 ||     4
   Stab: Sleeping          |     1 |       ||     1
 Armour: Robe              |    83 |    76 ||   159
  Dodge: Dodged            |    80 |    49 ||   129

Illustrated notes

Table legend:
 A = Kills in this place as a percentage of kills in the entire game.
 B = Kills by you in this place as a percentage of kills by you in the entire game.
 C = Kills by friends in this place as a percentage of kills by friends in the entire game.
 D = Other kills in this place as a percentage of other kills in the entire game.
 E = Experience gained in this place as a percentage of experience gained in the entire game.
 F = Experience gained in this place divided by the number of levels of this place that you have seen.
                   A       B       C       D       E      F
               +-------+-------+-------+-------+-------+----------------------
         Total | 100.0 | 100.0 |   N/A |   N/A | 100.0 | 113.0
       Dungeon | 100.0 | 100.0 |   N/A |   N/A | 100.0 | 113.0
               +-------+-------+-------+-------+-------+----------------------

Table legend: (Time is in decaauts)
 A = Elapsed time spent in this place.
 B = Non-inter-level travel time spent in this place.
 C = Inter-level travel time spent in this place.
 D = Time resting spent in this place.
 E = Time spent auto-exploring this place.
 F = Levels seen in this place.
 G = Mean time per level.
                   A        B        C        D        E       F      G
               +--------+--------+--------+--------+--------+-----+--------+
         Total |   3109 |   2895 |    214 |    759 |   1593 |   4 |  777.2 |
       Dungeon |   3109 |   2895 |    214 |    759 |   1593 |   4 |  777.2 |
               +--------+--------+--------+--------+--------+-----+--------+

Top non-repeatable levels by time:
     D:2: 1352 daAuts
     D:3: 758 daAuts
     D:1: 715 daAuts
     D:4: 283 daAuts
